Map: Abyssal Reef LE

Players

Snute - Winner!

  • Race: Zerg Zerg
  • Spawn Location: 5:00

Kelazhur

  • Race: Terran Terran
  • Spawn Location: 11:00

Event: WCS Valencia 2017

VOD

Have the link to the VOD?

Description

Time

  • Played on: July 15, 2017, 7:57 a.m.
  • Length: 26:02

All games in this series

Show
View Real Time Build Order
Export as new Build Order

Snute Zerg - Winner!

Build Orders: Pool First 

Get SALT Encoding   

  12  0:00  Drone  
  13  0:12  Overlord  
  13  0:17  Drone  
  14  0:30  Drone x2  
  14  0:34  Drone  
  17  0:44  Spawning Pool  
  17  0:48  Drone  
  17  1:09  Hatchery  
  16  1:11  Drone  
  16  1:14  Drone  
  18  1:18  Extractor  
  18  1:19  Drone  
  18  1:31  Queen  
  20  1:33  Zergling x2  
  21  1:40  Overlord  
  21  1:49  Drone  
  22  2:00  Drone  
  23  2:06  Queen  
  25  2:10  Drone  
  26  2:18  Metabolic Boost  
  26  2:21  Queen  
  26  2:22  Drone  
  29  2:27  Drone  
  30  2:33  Drone x2  
  32  2:38  Drone  
  32  2:39  Drone x2  
  32  2:43  Drone  
  36  2:49  Overlord  
  35  2:54  Drone  
  36  3:08  Zergling x6  
  39  3:16  Overlord  
  39  3:17  Drone  
  39  3:19  Drone x2  
  42  3:27  Drone  
  42  3:30  Drone  
  43  3:35  Drone x3  
  43  3:40  Hatchery, Drone x2  
  47  3:45  Queen x2  
  51  3:50  Overlord  
  51  3:52  Zergling x2  
  52  3:59  Overlord  
  51  4:11  Drone x6  
  51  4:15  Drone  
  58  4:21  Queen  
  58  4:22  Drone  
  61  4:24  Drone  
  61  4:25  Evolution Chamber  
  61  4:26  Evolution Chamber  
  61  4:27  Roach Warren  
  61  4:29  Extractor  
  61  4:30  Drone  
  61  4:31  Drone x2  
  61  4:34  Drone  
  61  4:35  Drone x2  
  61  4:36  Overlord  
  64  4:39  Queen  
  64  4:45  Drone, Overlord  
  67  4:49  Overlord  
  69  4:56  Zerg Ground Armor Level 1  
  69  5:01  Queen  
  71  5:07  Zergling x6  
  71  5:08  Zergling x4  
  71  5:09  Roach  
  71  5:10  Roach  
  71  5:12  Roach  
  82  5:17  Zergling x2  
  82  5:18  Zergling x4  
  81  5:24  Zergling x2  
  81  5:26  Roach  
  83  5:30  Zerg Missile Weapons Level 1  
  73  5:39  Drone x3  
  73  5:40  Hatchery, Drone x3  
  67  5:47  Queen x2  
  61  5:53  Roach x2  
  61  5:58  Roach  
  61  5:59  Roach  
  61  6:01  Roach  
  61  6:02  Roach  
  70  6:07  Hatchery  
  70  6:09  Roach  
  71  6:16  Roach x2  
  75  6:22  Drone x3  
  75  6:23  Lair  
  78  6:26  Queen  
  78  6:32  Extractor, Drone  
  81  6:33  Drone  
  81  6:37  Drone x2  
  83  6:42  Extractor  
  83  6:45  Drone x2  
  84  6:49  Drone  
  84  6:50  Drone  
  84  6:51  Drone  
  87  6:56  Drone x3  
  87  6:57  Drone  
  87  6:58  Drone  
  92  7:08  Overlord x2  
  92  7:21  Ravager  
  93  7:23  Zerg Ground Armor Level 2, Infestation Pit  
  93  7:28  Extractor  
  93  7:29  Extractor  
  85  7:39  Overlord x2  
  85  7:40  Overlord  
  78  7:47  Roach x5  
  78  7:48  Roach x5  
  94  7:57  Spore Crawler  
  92  7:59  Ravager  
  92  8:01  Queen x2, Roach x2  
  92  8:02  Queen  
  103  8:08  Drone x3  
  103  8:12  Drone x2  
  107  8:14  Drone  
  107  8:16  Drone  
  107  8:17  Drone  
  110  8:25  Drone  
  110  8:26  Drone x4  
  115  8:29  Drone  
  116  8:38  Glial Reconstitution  
  114  8:42  Drone x5  
  118  8:52  Overlord x2  
  118  8:55  Overlord  
  116  8:57  Overseer, Ravager  
  117  9:03  Ravager  
  117  9:06  Zerg Missile Weapons Level 2  
  118  9:11  Ravager, Hatchery  
  118  9:12  Infestor x2  
  118  9:16  Infestor  
  124  9:20  Infestor  
  124  9:23  Ravager  
  124  9:24  Ravager  
  128  9:25  Roach x3  
  128  9:29  Roach  
  128  9:30  Roach  
  138  9:37  Roach x5  
  148  9:41  Roach x2  
  148  9:43  Roach  
  154  9:48  Overlord x2  
  154  10:03  Overlord  
  154  10:04  Overlord  
  154  10:09  Hatchery  
  154  10:12  Roach x8  
  169  10:15  Ravager  
  169  10:18  Burrow  
  170  10:23  Roach  
  170  10:24  Roach x5  
  170  10:25  Ravager x2  
  144  10:45  Roach x7  
  150  10:56  Drone x4  
  142  11:00  Drone x2  
  141  11:08  Ravager  
  141  11:10  Ravager  
  141  11:11  Ravager x2  
  144  11:12  Ravager x2  
  144  11:13  Roach  
  144  11:14  Roach x6  
  161  11:24  Roach x4  
  169  11:35  Roach x5  
  141  12:05  Roach x6  
  141  12:06  Roach x9  
  133  12:21  Roach  
  133  12:22  Roach x7  
  146  12:30  Roach x4  
  146  12:34  Infestor  
  146  12:35  Infestor  
  156  12:39  Drone x2  
  156  12:44  Drone x2  
  160  12:46  Ravager  
  160  12:49  Hive  
  161  12:54  Extractor, Drone x2  
  161  12:55  Extractor  
  161  12:58  Ravager x3  
  162  13:00  Drone x3  
  164  13:11  Ravager  
  165  13:19  Queen x2  
  162  13:33  Hatchery  
  161  13:34  Roach  
  161  13:35  Roach x3  
  161  13:36  Overlord x2  
  169  13:45  Ravager  
  170  14:03  Zerg Ground Armor Level 3, Zerg Missile Weapons Level 3  
  170  14:06  Drone x3  
  170  14:07  Drone x2  
  175  14:23  Spire  
  174  14:25  Ravager x2, Overlord  
  176  14:33  Roach x5  
  176  14:37  Overlord x2  
  184  14:47  Roach x4  
  180  15:16  Roach x3  
  180  15:17  Ravager  
  180  15:18  Ravager x2  
  185  15:28  Spore Crawler  
  185  15:30  Spawning Pool  
  166  15:39  Roach x9  
  178  15:44  Ravager x6  
  178  15:45  Ravager  
  185  15:51  Roach x3  
  185  15:56  Greater Spire  
  191  16:05  Roach x3  
  197  16:26  Ravager x3  
  195  16:46  Roach x8  
  182  17:10  Roach x10  
  188  17:18  Roach  
  188  17:19  Roach  
  149  17:33  Roach x5  
  116  17:37  Roach  
  116  17:43  Roach  
  103  17:44  Roach  
  103  17:49  Ravager x4  
  103  17:50  Ravager x7  
  112  17:51  Roach  
  112  17:52  Roach x3  
  112  17:55  Roach  
  112  17:56  Roach  
  123  18:03  Infestor x2  
  107  18:21  Hatchery  
  106  18:40  Hatchery  
  105  18:43  Infestor  
  105  18:45  Ravager  
  105  18:47  Ravager  
  109  18:53  Infestor  
  111  18:59  Roach  
  113  19:06  Roach  
  115  19:10  Roach  
  117  19:18  Roach x2  
  121  19:27  Roach  
  121  19:28  Roach  
  125  19:37  Roach  
  127  19:48  Roach x3  
  133  19:56  Roach x2  
  133  19:59  Roach x2  
  141  20:04  Roach x2  
  149  20:16  Corruptor x2  
  143  20:31  Corruptor  
  145  20:47  Extractor, Brood Lord x2  
  145  20:49  Corruptor  
  150  20:52  Queen x2  
  150  20:55  Queen  
  150  20:56  Hatchery  
  155  20:58  Drone  
  155  20:59  Drone x2  
  155  21:02  Extractor  
  155  21:04  Brood Lord  
  159  21:11  Corruptor  
  161  21:21  Roach x6  
  173  21:32  Roach  
  179  21:33  Roach x4  
  175  22:06  Spore Crawler  
  172  22:12  Roach  
  172  22:13  Roach x8  
  190  22:38  Queen x2, Brood Lord  
  196  22:45  Queen  
  196  22:46  Queen  
  183  23:14  Roach  
  183  23:15  Roach x6  
  193  23:22  Extractor  
  190  23:34  Queen  
  190  23:35  Queen x3  
  198  23:45  Hatchery  
  198  23:48  Roach  
  199  23:49  Hatchery  
  198  23:56  Spore Crawler  
  198  23:57  Spore Crawler  
  198  24:02  Spore Crawler  
  195  24:04  Spore Crawler, Brood Lord  
  196  24:11  Roach  
  196  24:12  Roach  
  200  24:34  Spore Crawler  
  200  24:37  Drone  
  200  24:38  Extractor  
  197  24:58  Drone x3  
  200  25:06  Spore Crawler  
  199  25:07  Spore Crawler  
  198  25:14  Extractor  
  195  25:34  Ravager  
  195  25:35  Ravager  
Show
View Real Time Build Order
Export as new Build Order

Kelazhur Terran 

Build Orders: Reaper Expand, MMM Bio 

Get SALT Encoding   

  12  0:00  SCV  
  13  0:12  SCV  
  14  0:17  Supply Depot  
  14  0:24  SCV  
  15  0:39  SCV  
  15  0:40  Barracks  
  16  0:44  Refinery  
  16  0:51  SCV  
  17  1:03  SCV  
  18  1:15  SCV  
  19  1:27  Orbital Command, Reaper  
  20  1:40  Command Center  
  20  1:51  Barracks  
  20  1:53  SCV  
  21  1:59  Marine  
  22  2:04  Supply Depot  
  22  2:07  SCV  
  23  2:12  Refinery  
  23  2:17  Barracks Reactor  
  23  2:25  SCV  
  24  2:33  Factory  
  24  2:37  SCV  
  25  2:47  Barracks Tech Lab  
  25  2:49  SCV  
  25  2:55  Marine x2  
  27  3:00  Orbital Command  
  27  3:01  SCV  
  28  3:07  Stimpack, Marine  
  29  3:13  Marine x2  
  29  3:14  SCV  
  32  3:22  Starport  
  32  3:26  Factory Reactor  
  32  3:27  Marine  
  32  3:30  SCV  
  32  3:31  Marine  
  35  3:36  Marine  
  35  3:39  SCV  
  37  3:44  SCV  
  37  3:45  Marine  
  39  3:49  Marine  
  39  3:51  SCV, Supply Depot  
  41  3:56  SCV  
  41  3:57  Marine  
  43  4:03  Marine  
  43  4:07  Medivac  
  43  4:08  Supply Depot  
  46  4:13  Marine, Medivac, SCV x2  
  51  4:17  Supply Depot  
  51  4:21  Marine x2  
  53  4:25  SCV  
  53  4:29  SCV  
  55  4:35  Engineering Bay  
  55  4:36  Marine  
  55  4:37  SCV, Engineering Bay  
  57  4:42  Supply Depot  
  57  4:47  SCV, Marine x2  
  57  4:51  SCV, Widow Mine  
  63  4:54  Marine  
  64  5:01  SCV  
  64  5:02  Terran Infantry Weapons Level 1  
  64  5:03  SCV  
  64  5:04  Terran Infantry Armor Level 1  
  64  5:06  Marine  
  64  5:07  Marine, Combat Shields  
  68  5:18  SCV  
  68  5:19  Marine  
  68  5:20  SCV  
  71  5:24  Marine  
  72  5:30  SCV  
  70  5:40  SCV  
  70  5:42  Marine, Command Center  
  63  5:43  Marine  
  63  5:45  Marine  
  63  5:46  SCV  
  66  5:52  SCV  
  66  5:56  Barracks  
  66  5:58  SCV  
  66  6:00  Marine x2  
  66  6:03  Marine  
  68  6:07  Barracks  
  68  6:08  SCV  
  68  6:13  Barracks, Armory  
  68  6:14  SCV  
  68  6:18  Medivac x2  
  73  6:20  Marine  
  73  6:21  Marine  
  73  6:22  Marine  
  73  6:24  Factory Tech Lab  
  76  6:25  SCV  
  76  6:26  SCV  
  78  6:33  Supply Depot  
  78  6:36  Supply Depot  
  78  6:39  Refinery x2  
  78  6:40  Supply Depot  
  78  6:44  Barracks Reactor  
  78  6:53  Siege Tank, Marauder, Marine, SCV x2  
  86  7:00  Orbital Command  
  86  7:05  SCV  
  86  7:06  Marine  
  86  7:08  SCV  
  90  7:09  Barracks Reactor x2  
  90  7:14  Marine x2  
  90  7:17  SCV  
  90  7:18  Supply Depot, Terran Infantry Weapons Level 2  
  90  7:20  Marine, SCV  
  90  7:21  Supply Depot  
  90  7:22  Refinery  
  93  7:23  Marine  
  93  7:24  Marine  
  93  7:26  Supply Depot  
  93  7:29  Orbital Command  
  98  7:40  Marine  
  98  7:41  Marauder, Marine x2  
  98  7:42  Marine  
  98  7:44  Siege Tank, SCV  
  96  7:45  SCV  
  96  7:54  Medivac x2  
  96  7:58  Marine x3  
  100  8:00  SCV x2  
  100  8:02  Marauder  
  106  8:08  SCV  
  106  8:12  SCV x2  
  109  8:15  Marine, Supply Depot  
  109  8:17  Marine  
  111  8:20  SCV  
  111  8:21  Marine  
  111  8:24  Marauder, SCV x2  
  117  8:27  Siege Tank  
  117  8:30  Marine x3  
  117  8:32  SCV  
  117  8:33  Terran Infantry Armor Level 2  
  122  8:36  SCV x2  
  122  8:41  Marine x4  
  123  8:42  Marine  
  123  8:45  Terran Vehicle Weapons Level 1  
  123  8:46  Factory  
  124  8:58  Marauder, Marine  
  124  9:01  Marine x7  
  134  9:08  Barracks x2  
  134  9:10  Siege Tank, Barracks  
  134  9:16  Marine  
  136  9:19  Marine  
  136  9:21  SCV x3  
  136  9:23  Marine  
  136  9:24  Marine x2  
  143  9:25  Marine, Command Center, Supply Depot  
  143  9:26  Supply Depot  
  143  9:28  Medivac  
  143  9:29  Medivac  
  148  9:32  Marine  
  149  9:40  Factory Tech Lab  
  149  9:41  Supply Depot x2  
  149  9:45  Terran Infantry Weapons Level 3  
  149  9:47  Marauder, Marine  
  149  9:52  Marine  
  153  9:58  Marine  
  153  10:00  Barracks Tech Lab x2  
  153  10:01  Barracks Reactor, Marine x4  
  153  10:02  Marine  
  157  10:08  Marauder  
  157  10:10  Marine  
  160  10:14  Marine  
  160  10:16  Marine  
  160  10:19  Marine x4  
  160  10:20  Marine  
  167  10:29  Marauder, Marine  
  167  10:30  Marauder  
  167  10:31  Factory Tech Lab  
  163  10:37  Marauder, Medivac x2  
  163  10:39  Marine x6  
  163  10:40  Marine x3  
  141  10:47  Marine  
  125  10:51  Marauder x2  
  122  10:57  Marine x5  
  122  10:58  Marauder  
  122  11:01  Planetary Fortress  
  122  11:02  Marine  
  120  11:07  Medivac x2  
  120  11:10  Terran Infantry Armor Level 3  
  124  11:12  Marauder, Marine x3  
  124  11:13  Marauder  
  124  11:14  Marine  
  124  11:16  Siege Tank  
  124  11:17  Siege Tank  
  138  11:19  Marauder  
  140  11:26  Marine x6  
  140  11:27  Concussive Shells  
  140  11:29  Marine  
  140  11:30  Marine x2  
  149  11:34  Marauder x2, Refinery  
  149  11:37  Medivac  
  149  11:39  Marine  
  156  11:40  Medivac  
  156  11:41  Marauder  
  160  11:48  Siege Tank  
  148  11:55  Marauder x2  
  148  11:59  Siege Tank, Marine  
  130  12:02  Marauder, Marine  
  130  12:06  Marine  
  109  12:08  Marine  
  109  12:09  Marine x4  
  109  12:11  Marine  
  109  12:13  Marine, Medivac  
  92  12:16  Marauder  
  92  12:17  Marauder, Marine  
  92  12:20  Marine  
  91  12:23  Marine  
  91  12:26  Marine x4  
  91  12:27  Marine  
  91  12:28  Marine  
  90  12:31  Marine  
  90  12:35  Marine  
  90  12:36  Siege Tank  
  90  12:37  Siege Tank, Marine  
  97  12:38  Marauder, Orbital Command  
  97  12:42  Marine x2  
  102  12:44  Marine x4  
  106  12:52  Marine x3  
  106  12:53  Marine  
  106  12:56  Medivac  
  112  12:59  Marine  
  112  13:00  Marauder  
  115  13:07  Medivac  
  117  13:17  Marine  
  118  13:21  Marauder  
  118  13:26  Medivac  
  119  13:29  Marine  
  119  13:30  Marine x7  
  119  13:31  Barracks Tech Lab  
  119  13:32  Barracks Tech Lab  
  127  13:37  Marine, Medivac  
  130  13:42  Marauder  
  130  13:47  Marine  
  133  13:49  Barracks Tech Lab  
  133  13:50  Marauder  
  133  13:51  Marine x6  
  133  13:52  Marauder  
  143  13:56  Medivac  
  145  14:04  Marauder  
  145  14:08  Marauder, Marine x2  
  151  14:12  Marauder, Supply Depot  
  151  14:13  Marine, Supply Depot  
  151  14:14  Marauder  
  155  14:18  Marine x2  
  155  14:21  Supply Depot  
  155  14:23  Supply Depot x2  
  157  14:33  Marine x3  
  157  14:34  Marauder x2  
  157  14:35  Siege Tank, Marauder  
  157  14:36  Siege Tank, Marine  
  173  14:43  Marauder, Marine x3  
  174  14:46  Marine  
  174  14:51  Marine  
  176  15:00  Medivac  
  176  15:01  Medivac  
  179  15:07  Siege Tank  
  179  15:08  Siege Tank  
  179  15:09  Marauder  
  183  15:15  Marauder  
  183  15:18  Marine  
  185  15:24  Marine  
  166  15:38  Marauder  
  166  15:39  Siege Tank, Marine  
  166  15:40  Marauder  
  145  15:46  Marauder, Marine x6  
  151  15:51  Marauder, Marine  
  154  15:57  Marine  
  154  15:59  Marine  
  154  16:00  Orbital Command, Marine  
  154  16:03  Siege Tank  
  154  16:04  Marine x4  
  159  16:08  Marauder  
  159  16:09  Marine  
  159  16:11  Marine  
  166  16:12  Marauder  
  159  16:22  Marauder  
  160  16:25  Orbital Command  
  158  16:34  Marauder, Marine x3  
  156  16:42  Marine  
  156  16:43  Marauder  
  140  16:53  Marauder  
  142  16:57  Marauder, Marine  
  145  17:04  Marine  
  145  17:06  Marine  
  112  17:15  Marine  
  112  17:16  Marauder  
  112  17:19  Marine  
  96  17:32  Marine  
  96  17:34  Marine  
  75  17:38  Marine  
  70  17:44  Marine  
  70  17:50  Marine  
  70  18:07  Marine x2  
  58  18:15  Marine  
  58  18:18  Marine  
  58  18:19  Marine  
  52  18:28  Marine x3  
  52  18:29  Marine  
  52  18:33  Marine  
  56  18:35  Marine  
  56  18:36  Marine  
  58  18:43  SCV x2  
  60  18:53  Marauder, Marine  
  64  18:55  SCV x2  
  64  18:56  Medivac  
  64  18:59  Medivac  
  69  19:10  Marauder, Marine x3  
  74  19:23  Siege Tank x2  
  74  19:24  Marine x2  
  82  19:32  Marine  
  82  19:33  Marauder  
  82  19:37  Marine  
  86  19:40  Marauder  
  86  19:43  Marine  
  89  19:49  Medivac  
  89  19:52  Medivac  
  93  19:58  SCV x2  
  95  20:00  Marauder  
  95  20:04  Marine  
  95  20:05  Marine  
  95  20:06  Marine  
  100  20:16  Marauder  
  102  20:28  Marauder, Marine  
  104  20:29  Marauder, Marine  
  104  20:32  Marine  
  104  20:33  Marauder  
  104  20:35  Marine  
  111  20:42  Missile Turret  
  112  20:52  Marauder, Marine  
  115  20:57  Marine  
  115  20:58  Marauder  
  118  21:13  Siege Tank  
  118  21:14  Siege Tank  
  124  21:23  Marauder, Marine  
  114  21:42  SCV  
  114  21:43  SCV  
  111  22:07  Marauder  
  105  22:45  Viking  
  89  23:19  SCV  
  88  23:29  SCV  
  88  23:31  SCV  
  88  23:33  Viking  
  92  23:41  SCV, Viking  
  94  23:48  SCV  
  96  23:55  Marine x2  
  96  23:56  Marine x3  
  101  24:05  Viking  
  103  24:11  Viking  
  105  24:29  Marine x6  
  105  24:30  Marine  
  112  24:32  Marine  
  113  24:44  Marauder  
  113  24:45  Marauder  
  102  25:00  Marine  
Tags
 
Add a new tag
Caveats
  • Supply blocks, unpowered buildings, or Contaminate may cause inaccurate times.
  • Supply counts are checked every 10 seconds.